WCHLSIM.com - West Coast Hockey League
html PUBLIC "-//W3C//DTD XHTML 1.0 Transitional//EN" "http://www.w3.org/TR/xhtml1/DTD/xhtml1-transitional.dtd"> WCHL - Game 345 - SAN JOSE BRONCOS vs ANCHORAGE ACES

SAN JOSE BRONCOS vs ANCHORAGE ACES

Created - 1 décembre 2023 at 21:22

Goals
1 2 3 T
SAN JOSE BRONCOS 0 0 0 0
ANCHORAGE ACES 1 2 2 5
Shots
1 2 3 T
SAN JOSE BRONCOS 7 2 2 11
ANCHORAGE ACES 7 13 13 33

1st period

1. ANCHORAGE ACES , Connor McDavid 13 (Jani Hakanpaa 5, Nathan MacKinnon 15) at 19:15

Penalties :
Conor Sheary (ANC) for Holding (Minor) at 13:01

2nd period

2. ANCHORAGE ACES , Conor Sheary 6 (Phillip Danault 11, Ryan Pulock 2) at 17:19
3. ANCHORAGE ACES , Nikolaj Ehlers 4 (Ryan Pulock 3, Phillip Danault 12) at 19:59

Penalties :
Damon Severson (SJO) for Holding Stick (Minor) at 13:05

3rd period

4. ANCHORAGE ACES , Nathan MacKinnon 18 (Connor McDavid 20) at 12:17
5. ANCHORAGE ACES , Nikolaj Ehlers 5 (Phillip Danault 13, Filip Hronek 5) at 17:48

Penalties :
No Penalty

Goalie Stats

John Gibson (SJO), 28 saves from 33 shots - (0,848), L, 3-10-0, 60:00 minutes
Darcy Kuemper (ANC), 11 saves from 11 shots - (1,000), W, 16-5-3, 60:00 minutes

Players Stats for SAN JOSE BRONCOS

Player Name              G  A  P  +/- PIM S  H  SB GA TA FO     MP     PP MP  PK MP  
------------------------------------------------------------------------------------
Adam Pelech              0  0  0  -1  0   0  2  1  0  0  0/0    19:17   1:00   0:57 
Alexander Kerfoot        0  0  0  -1  0   1  1  1  0  0  2/12   14:35   0:37   0:00 
Brayden Point            0  0  0   0  0   1  0  0  0  0  0/0    14:06   0:00   0:00 
Brett Leason             0  0  0  -3  0   0  0  0  0  0  0/3    13:42   0:00   0:00 
Carl Grundstrom          0  0  0   0  0   0  1  0  0  0  0/0    14:06   0:00   0:00 
Clayton Keller           0  0  0  -1  0   2  0  0  0  0  6/24   16:43   1:22   1:05 
Cole Caufield            0  0  0  -1  0   0  0  0  0  0  0/0    15:29   0:37   0:54 
Damon Severson           0  0  0  -1  2   1  1  2  0  0  0/0    18:19   1:00   0:00 
Ilya Usau                0  0  0  -3  0   0  0  0  0  0  5/14   13:42   0:00   0:00 
Jaccob Slavin            0  0  0  -4  0   2  1  2  0  0  0/0    23:43   0:59   1:02 
Jake Bean                0  0  0   0  0   0  0  0  0  0  0/0    17:49   0:00   0:49 
Jake Walman              0  0  0   0  0   1  0  0  0  0  0/0    17:08   0:00   0:08 
Jesper Bratt             0  0  0  -1  0   2  0  0  0  0  0/0    16:43   1:22   1:05 
Jesse Puljujarvi         0  0  0  -1  0   0  2  0  0  0  0/0    14:35   0:37   0:00 
Jonathan Gruden          0  0  0  -3  0   0  1  0  0  0  0/1    13:42   0:00   0:00 
Neal Pionk               0  0  0  -4  0   0  4  1  0  0  0/0    23:43   0:59   1:02 
Oliver Bjorkstrand       0  0  0  -1  0   0  1  0  0  0  1/2    16:32   1:22   0:54 
Tomas Nosek              0  0  0   0  0   1  0  0  0  0  5/13   14:06   0:00   0:00 

Players Stats for ANCHORAGE ACES

Player Name              G  A  P  +/- PIM S  H  SB GA TA FO     MP     PP MP  PK MP  
------------------------------------------------------------------------------------
Chris Kreider            0  0  0   0  0   5  0  0  0  0  0/1    17:19   0:57   0:28 
Connor McDavid           1  1  2   2  0   7  0  0  0  0  22/26  21:10   1:02   0:00 
Conor Sheary             1  0  1   3  2   1  2  0  0  0  0/2    18:16   0:00   0:00 
Erik Haula               0  0  0   0  0   1  0  0  0  0  12/17  19:47   0:57   1:13 
Filip Hronek             0  1  1   3  0   0  2  1  0  0  0/0    20:21   0:57   0:46 
Jack Johnson             0  0  0   1  0   1  0  1  0  0  0/0    14:39   0:00   0:00 
Jakob Chychrun           0  0  0   1  0   1  1  0  0  0  0/0    20:44   0:57   0:46 
Jani Hakanpaa            0  1  1   1  0   0  1  0  0  0  0/0    15:52   0:00   1:13 
Nathan MacKinnon         1  1  2   2  0   1  1  0  0  0  1/3    23:39   1:02   0:46 
Nicolas Deslauriers      0  0  0   0  0   0  0  0  0  0  0/0     0:00   0:00   0:00 
Nikolaj Ehlers           2  0  2   3  0   11 0  0  0  0  0/0    19:19   1:02   0:00 
Phillip Danault          0  3  3   3  0   3  2  1  0  0  13/18  20:00   0:57   0:46 
Robert Bortuzzo          0  0  0   0  0   0  0  0  0  0  0/0     3:44   0:00   0:00 
Ryan Lomberg             0  0  0   0  0   0  1  0  0  0  0/0     2:46   0:00   0:00 
Ryan Pulock              0  2  2   3  0   0  1  1  0  0  0/0    19:40   1:02   0:00 
Seth Jones               0  0  0   1  0   2  1  0  0  0  0/0    25:00   1:02   1:13 
Sheldon Dries            0  0  0   0  0   0  0  0  0  0  0/0    15:54   0:00   0:00 
Yegor Sharangovich       0  0  0   2  0   0  2  0  0  0  2/2    19:50   0:00   0:45 

3 Stars

1 - Nikolaj Ehlers (ANC)
2 - Phillip Danault (ANC)
3 - Nathan MacKinnon (ANC)

Power Play

SAN JOSE BRONCOS - 0 on 1 Attempt(s) - 0,00%
ANCHORAGE ACES - 0 on 1 Attempt(s) - 0,00%

Penalty Kill

SAN JOSE BRONCOS - 1 on 1 Attempt(s) - 100,00% - Score 0 goal in Penalty Kill
ANCHORAGE ACES - 1 on 1 Attempt(s) - 100,00% - Score 0 goal in Penalty Kill

Team Stat

SAN JOSE BRONCOS - Hits : 14 - Faceoff Wins : 19 - Blocked Shots : 7 - Penalty Minutes : 2
ANCHORAGE ACES - Hits : 14 - Faceoff Wins : 50 - Blocked Shots : 4 - Penalty Minutes : 2

Official

Referees : Ghislain Hebert and Wes McCauley
Linesman : Scott Driscoll and Steve Miller

Game Notes

No Game Note

Finance

Level 1 -- Attendance: 4903 (81,72%) -- Ticket Income 980 600 $
Level 2 -- Attendance: 4547 (90,94%) -- Ticket Income 568 375 $
Level 3 -- Attendance: 2000 (100,00%) -- Ticket Income 208 000 $
Level 4 -- Attendance: 4000 (100,00%) -- Ticket Income 280 000 $
Luxury Box -- Attendance: 874 (87,40%) -- Ticket Income 284 050 $
Game was played at the Alaska Center.
Total Attendance: 16324 (90,69%)
Total Ticket Income: 2 321 025 $
Other Expense: 23 210 $
Total Income: 2 297 815 $

SAN JOSE BRONCOS

5 vs 5 Forward 
   Center                   Left Wing                Right Wing               Time % Phy DF OF 
 1 Clayton Keller           Jesper Bratt             Oliver Bjorkstrand       25     1   2  2  
 2 Alexander Kerfoot        Cole Caufield            Jesse Puljujarvi         25     1   2  2  
 3 Tomas Nosek              Brayden Point            Carl Grundstrom          25     1   2  2  
 4 Ilya Usau                Jonathan Gruden          Brett Leason             25     1   2  2  

5 vs 5 Defense 
   Defense                  Defense                                           Time % Phy DF OF 
 1 Jaccob Slavin            Neal Pionk                                        30     1   2  2  
 2 Adam Pelech              Damon Severson                                    30     1   2  2  
 3 Jake Walman              Jake Bean                                         30     1   2  2  
 4 Jaccob Slavin            Neal Pionk                                        10     1   2  2  

PowerPlay Forward 
   Center                   Left Wing                Right Wing               Time % Phy DF OF 
 1 Clayton Keller           Jesper Bratt             Oliver Bjorkstrand       50     1   2  2  
 2 Alexander Kerfoot        Cole Caufield            Jesse Puljujarvi         50     1   2  2  

PowerPlay Defense
   Defense                  Defense                                           Time % Phy DF OF 
 1 Jaccob Slavin            Neal Pionk                                        50     1   2  2  
 2 Adam Pelech              Damon Severson                                    50     1   2  2  

Penalty Kill 4 Players Forward 
   Center                   Wing                     Time % Phy DF OF 
 1 Clayton Keller           Jesper Bratt             50     1   2  2  
 2 Oliver Bjorkstrand       Cole Caufield            50     1   2  2  

Penalty Kill 4 Players Defense
   Defense                  Defense                  Time % Phy DF OF 
 1 Jaccob Slavin            Neal Pionk               50     1   2  2  
 2 Adam Pelech              Damon Severson           50     1   2  2  

Penalty Kill - 3 Players Forward 
   Forward                                           Time % Phy DF OF 
 1 Clayton Keller                                    50     1   2  2  
 2 Jesper Bratt                                      50     1   2  2  

Penalty Kill - 3 Players Defense
   Defense                  Defense                  Time % Phy DF OF 
 1 Jaccob Slavin            Neal Pionk               50     1   2  2  
 2 Adam Pelech              Damon Severson           50     1   2  2  

4 vs 4 Forward 
   Center                   Wing                     Time % Phy DF OF 
 1 Clayton Keller           Jesper Bratt             50     1   2  2  
 2 Oliver Bjorkstrand       Cole Caufield            50     1   2  2  

4 vs 4 Defense
   Defense                  Defense                  Time % Phy DF OF 
 1 Jaccob Slavin            Neal Pionk               50     1   2  2  
 2 Adam Pelech              Damon Severson           50     1   2  2  

Last Minutes Offensive
   Center                   Left Wing                Right Wing               Defense                  Defense                  
   Clayton Keller           Jesper Bratt             Oliver Bjorkstrand       Jaccob Slavin            Neal Pionk               

Last Minutes Defensive
   Center                   Left Wing                Right Wing               Defense                  Defense                  
   Clayton Keller           Jesper Bratt             Oliver Bjorkstrand       Jaccob Slavin            Neal Pionk               

Goaltenders
Starting : John Gibson              
Backup : Antti Raanta             

Extra Forwards
Normal : Tomas Nosek, Jesse Puljujarvi, Carl Grundstrom - PP : Tomas Nosek, Jesse Puljujarvi - PK : Carl Grundstrom
Extra Defensemen
Normal : Jake Walman, Jake Bean, Adam Pelech - PP : Jake Walman - PK : Jake Bean, Adam Pelech
Penalty Shots
Clayton Keller, Jesper Bratt, Oliver Bjorkstrand, Cole Caufield, Alexander Kerfoot
Custom OT Lines Forwards
Clayton Keller, Jesper Bratt, Oliver Bjorkstrand, Cole Caufield, Alexander Kerfoot, Tomas Nosek, Jonathan Gruden, Jesse Puljujarvi, Carl Grundstrom, Brett Leason
Custom OT Lines Defensemen
Jaccob Slavin, Neal Pionk, Adam Pelech, Damon Severson, Jake Walman

Scratches
None

ANCHORAGE ACES

5 vs 5 Forward 
   Center                   Left Wing                Right Wing               Time % Phy DF OF 
 1 Connor McDavid           Yegor Sharangovich       Nathan MacKinnon         36     1   2  2  
 2 Phillip Danault          Nikolaj Ehlers           Conor Sheary             33     1   2  2  
 3 Erik Haula               Chris Kreider            Sheldon Dries            28     1   2  2  
 4 Nathan MacKinnon         Ryan Lomberg             Erik Haula               3      1   2  2  

5 vs 5 Defense 
   Defense                  Defense                                           Time % Phy DF OF 
 1 Seth Jones               Jakob Chychrun                                    36     1   2  2  
 2 Filip Hronek             Ryan Pulock                                       31     1   2  2  
 3 Jani Hakanpaa            Jack Johnson                                      23     1   2  2  
 4 Robert Bortuzzo          Seth Jones                                        10     1   2  2  

PowerPlay Forward 
   Center                   Left Wing                Right Wing               Time % Phy DF OF 
 1 Connor McDavid           Nikolaj Ehlers           Nathan MacKinnon         55     1   2  2  
 2 Phillip Danault          Chris Kreider            Erik Haula               45     1   2  2  

PowerPlay Defense
   Defense                  Defense                                           Time % Phy DF OF 
 1 Filip Hronek             Jakob Chychrun                                    55     1   2  2  
 2 Ryan Pulock              Seth Jones                                        45     1   2  2  

Penalty Kill 4 Players Forward 
   Center                   Wing                     Time % Phy DF OF 
 1 Erik Haula               Yegor Sharangovich       55     1   2  2  
 2 Phillip Danault          Conor Sheary             45     1   2  2  

Penalty Kill 4 Players Defense
   Defense                  Defense                  Time % Phy DF OF 
 1 Seth Jones               Jani Hakanpaa            55     1   2  2  
 2 Filip Hronek             Jakob Chychrun           45     1   2  2  

Penalty Kill - 3 Players Forward 
   Forward                                           Time % Phy DF OF 
 1 Phillip Danault                                   55     1   2  2  
 2 Yegor Sharangovich                                45     1   2  2  

Penalty Kill - 3 Players Defense
   Defense                  Defense                  Time % Phy DF OF 
 1 Seth Jones               Jakob Chychrun           55     1   2  2  
 2 Jack Johnson             Filip Hronek             45     1   2  2  

4 vs 4 Forward 
   Center                   Wing                     Time % Phy DF OF 
 1 Nathan MacKinnon         Connor McDavid           55     1   2  2  
 2 Phillip Danault          Chris Kreider            45     1   2  2  

4 vs 4 Defense
   Defense                  Defense                  Time % Phy DF OF 
 1 Jakob Chychrun           Seth Jones               55     1   2  2  
 2 Jani Hakanpaa            Filip Hronek             45     1   2  2  

Last Minutes Offensive
   Center                   Left Wing                Right Wing               Defense                  Defense                  
   Connor McDavid           Phillip Danault          Nathan MacKinnon         Seth Jones               Jakob Chychrun           

Last Minutes Defensive
   Center                   Left Wing                Right Wing               Defense                  Defense                  
   Connor McDavid           Phillip Danault          Nathan MacKinnon         Seth Jones               Jakob Chychrun           

Goaltenders
Starting : Darcy Kuemper            
Backup : Dustin Wolf              

Extra Forwards
Normal : Connor McDavid, Phillip Danault, Chris Kreider - PP : Erik Haula, Nikolaj Ehlers - PK : Nathan MacKinnon
Extra Defensemen
Normal : Ryan Pulock, Jani Hakanpaa, Jack Johnson - PP : Robert Bortuzzo - PK : Nicolas Deslauriers, Seth Jones
Penalty Shots
Connor McDavid, Phillip Danault, Chris Kreider, Erik Haula, Nikolaj Ehlers
Custom OT Lines Forwards
Nathan MacKinnon, Connor McDavid, Phillip Danault, Chris Kreider, Erik Haula, Nikolaj Ehlers, Conor Sheary, Yegor Sharangovich, Sheldon Dries, Ryan Lomberg
Custom OT Lines Defensemen
Filip Hronek, Jakob Chychrun, Seth Jones, Ryan Pulock, Jani Hakanpaa

Scratches
None


% Time on Ice - SAN JOSE BRONCOS

Lines # - Real PCT - Wanted PCT - Time Play
Normal Forward
1 - 25% - 25% - 14:16
2 - 25% - 25% - 13:58
3 - 25% - 25% - 14:06
4 - 24% - 25% - 13:42
Normal Defense
1 - 30% - 30% - 16:55
2 - 31% - 30% - 17:20
3 - 30% - 30% - 17:00
4 - 9% - 10% - 4:47
PP Forward
1 - 69% - 50% - 1:22
2 - 31% - 50% - 0:37
PP Defense
1 - 50% - 50% - 0:59
2 - 50% - 50% - 1:00
PK Forward
1 - 55% - 50% - 1:05
2 - 45% - 50% - 0:54
PK Defense
1 - 52% - 50% - 1:02
2 - 48% - 50% - 0:57
PK3 Forward
1 - 0% - 50%
2 - 0% - 50%
PK3 Defense
1 - 0% - 50%
2 - 0% - 50%
44 Forward
1 - 0% - 50%
2 - 0% - 50%
44 Defense
1 - 0% - 50%
2 - 0% - 50%
Last Minute Offensive  - 0:00
Last Minute Defensive  - 0:00
Total
Forward - 60:00
Defense - 60:00

% Time on Ice - ANCHORAGE ACES

Lines # - Real PCT - Wanted PCT - Time Play
Normal Forward
1 - 34% - 36% - 19:05
2 - 33% - 33% - 18:17
3 - 28% - 28% - 15:54
4 - 5% - 3% - 2:46
Normal Defense
1 - 34% - 36% - 19:01
2 - 33% - 31% - 18:38
3 - 26% - 23% - 14:39
4 - 7% - 10% - 3:44
PP Forward
1 - 52% - 55% - 1:02
2 - 48% - 45% - 0:57
PP Defense
1 - 48% - 55% - 0:57
2 - 52% - 45% - 1:02
PK Forward
1 - 61% - 55% - 1:13
2 - 39% - 45% - 0:46
PK Defense
1 - 61% - 55% - 1:13
2 - 39% - 45% - 0:46
PK3 Forward
1 - 0% - 55%
2 - 0% - 45%
PK3 Defense
1 - 0% - 55%
2 - 0% - 45%
44 Forward
1 - 0% - 55%
2 - 0% - 45%
44 Defense
1 - 0% - 55%
2 - 0% - 45%
Last Minute Offensive  - 0:00
Last Minute Defensive  - 0:00
Total
Forward - 60:00
Defense - 60:00

Play-by-Play

1st period


0:01 of 1st period - Clayton Keller wins face-off versus Connor McDavid in neutral zone.
0:54 of 1st period - Icing by Jaccob Slavin.
0:55 of 1st period - Erik Haula wins face-off versus Clayton Keller in SAN JOSE BRONCOS zone.
2:09 of 1st period - Shot by Tomas Nosek.
2:09 of 1st period - Stopped by Darcy Kuemper without a rebound.
2:10 of 1st period - Phillip Danault wins face-off versus Ilya Usau in ANCHORAGE ACES zone.
2:23 of 1st period - Shot by Brett Leason.
2:23 of 1st period - Shot Blocked by Jack Johnson.
3:09 of 1st period - Shot by Connor McDavid.
3:09 of 1st period - Stopped by John Gibson without a rebound.
3:10 of 1st period - Connor McDavid wins face-off versus Clayton Keller in SAN JOSE BRONCOS zone.
3:56 of 1st period - Shot by Connor McDavid.
3:56 of 1st period - Stopped by John Gibson without a rebound.
3:57 of 1st period - Tomas Nosek wins face-off versus Phillip Danault in SAN JOSE BRONCOS zone.
4:07 of 1st period - Icing by Phillip Danault.
4:08 of 1st period - Ilya Usau wins face-off versus Conor Sheary in ANCHORAGE ACES zone.
4:08 of 1st period - Ilya Usau is hit by Filip Hronek.
4:10 of 1st period - Shot by Jake Walman.
4:10 of 1st period - Deflect By Jonathan Gruden.
4:10 of 1st period - Shot Misses the Net.
4:42 of 1st period - Shot by Nikolaj Ehlers.
4:42 of 1st period - Stopped by John Gibson without a rebound.
4:43 of 1st period - Tomas Nosek wins face-off versus Nathan MacKinnon in SAN JOSE BRONCOS zone.
4:43 of 1st period - Tomas Nosek is hit by Ryan Lomberg.
4:48 of 1st period - Seth Jones is hit by Neal Pionk and loses puck.
5:49 of 1st period - Phillip Danault is hit by Jesse Puljujarvi and loses puck.
5:56 of 1st period - Shot by Jani Hakanpaa.
5:56 of 1st period - Shot Misses the Net.
6:00 of 1st period - Shot by Nikolaj Ehlers.
6:00 of 1st period - Shot Blocked by Damon Severson.
6:08 of 1st period - Shot by Nikolaj Ehlers.
6:08 of 1st period - Stopped by John Gibson with a rebound.
6:14 of 1st period - Shot by Phillip Danault.
6:14 of 1st period - Stopped by John Gibson without a rebound.
6:15 of 1st period - Ilya Usau wins face-off versus Connor McDavid in SAN JOSE BRONCOS zone.
6:54 of 1st period - Icing by Jake Bean.
6:55 of 1st period - Ilya Usau wins face-off versus Phillip Danault in SAN JOSE BRONCOS zone.
8:52 of 1st period - Icing by Jack Johnson.
8:53 of 1st period - Clayton Keller wins face-off versus Chris Kreider in ANCHORAGE ACES zone.
8:54 of 1st period - Shot by Jesper Bratt.
8:54 of 1st period - Shot Misses the Net.
9:26 of 1st period - Icing by Oliver Bjorkstrand.
9:27 of 1st period - Connor McDavid wins face-off versus Clayton Keller in SAN JOSE BRONCOS zone.
9:33 of 1st period - Off-side.
9:34 of 1st period - Yegor Sharangovich wins face-off versus Jonathan Gruden in neutral zone.
10:33 of 1st period - Shot by Tomas Nosek.
10:33 of 1st period - Deflect By Brayden Point.
10:33 of 1st period - Shot Blocked by Ryan Pulock.
10:39 of 1st period - Shot by Brayden Point.
10:39 of 1st period - Shot Misses the Net.
10:41 of 1st period - Shot by Damon Severson.
10:41 of 1st period - Shot Misses the Net.
11:24 of 1st period - Shot by Alexander Kerfoot.
11:24 of 1st period - Shot Misses the Net.
11:26 of 1st period - Shot by Cole Caufield.
11:26 of 1st period - Shot Misses the Net.
11:43 of 1st period - Jake Bean is hit by Jakob Chychrun and loses puck.
12:19 of 1st period - Icing by Jake Walman.
12:20 of 1st period - Alexander Kerfoot wins face-off versus Phillip Danault in SAN JOSE BRONCOS zone.
12:32 of 1st period - Shot by Conor Sheary.
12:32 of 1st period - Shot Blocked by Alexander Kerfoot.
12:58 of 1st period - Shot by Phillip Danault.
12:58 of 1st period - Shot Misses the Net.
13:01 of 1st period - Minor Penalty to Conor Sheary for Holding.
13:02 of 1st period - Clayton Keller wins face-off versus Erik Haula in ANCHORAGE ACES zone.
13:07 of 1st period - Shot by Clayton Keller.
13:07 of 1st period - Stopped by Darcy Kuemper without a rebound.
13:08 of 1st period - Erik Haula wins face-off versus Clayton Keller in ANCHORAGE ACES zone.
13:25 of 1st period - Shot by Jesper Bratt.
13:25 of 1st period - Shot Misses the Net.
13:27 of 1st period - Shot by Clayton Keller.
13:27 of 1st period - Stopped by Darcy Kuemper with a rebound.
13:29 of 1st period - Shot by Jaccob Slavin.
13:29 of 1st period - Stopped by Darcy Kuemper without a rebound.
13:30 of 1st period - Phillip Danault wins face-off versus Clayton Keller in ANCHORAGE ACES zone.
13:54 of 1st period - Shot by Clayton Keller.
13:54 of 1st period - Shot Blocked by Filip Hronek.
13:56 of 1st period - Shot by Jesper Bratt.
13:56 of 1st period - Shot Misses the Net.
13:58 of 1st period - Shot by Clayton Keller.
13:58 of 1st period - Shot Misses the Net.
14:00 of 1st period - Shot by Damon Severson.
14:00 of 1st period - Stopped by Darcy Kuemper with a rebound.
14:02 of 1st period - Shot by Jesper Bratt.
14:02 of 1st period - Stopped by Darcy Kuemper without a rebound.
14:03 of 1st period - Erik Haula wins face-off versus Alexander Kerfoot in ANCHORAGE ACES zone.
14:12 of 1st period - Erik Haula is hit by Alexander Kerfoot and loses puck.
15:42 of 1st period - Icing by Jake Walman.
15:43 of 1st period - Erik Haula wins face-off versus Brett Leason in SAN JOSE BRONCOS zone.
16:18 of 1st period - Shot by Erik Haula.
16:18 of 1st period - Stopped by John Gibson without a rebound.
16:19 of 1st period - Connor McDavid wins face-off versus Clayton Keller in SAN JOSE BRONCOS zone.
16:29 of 1st period - Shot by Nathan MacKinnon.
16:29 of 1st period - Shot Blocked by Jaccob Slavin.
16:53 of 1st period - Shot by Jesper Bratt.
16:53 of 1st period - Shot Misses the Net.
17:41 of 1st period - Shot by Brayden Point.
17:41 of 1st period - Stopped by Darcy Kuemper with a rebound.
17:58 of 1st period - Icing by Seth Jones.
17:59 of 1st period - Alexander Kerfoot wins face-off versus Conor Sheary in ANCHORAGE ACES zone.
18:20 of 1st period - Shot by Alexander Kerfoot.
18:20 of 1st period - Shot Misses the Net.
18:52 of 1st period - Off-side.
18:53 of 1st period - Clayton Keller wins face-off versus Connor McDavid in neutral zone.
18:53 of 1st period - Jesper Bratt is hit by Nathan MacKinnon and loses puck.
19:09 of 1st period - Shot by Nathan MacKinnon.
19:09 of 1st period - Shot Misses the Net.
19:11 of 1st period - Shot by Connor McDavid.
19:11 of 1st period - Shot Blocked by Neal Pionk.
19:13 of 1st period - Shot by Jani Hakanpaa.
19:13 of 1st period - Shot Misses the Net.
19:15 of 1st period - Shot by Connor McDavid.
19:15 of 1st period - Goal by Connor McDavid - SAN JOSE BRONCOS : 0 - ANCHORAGE ACES : 1.
19:16 of 1st period - Tomas Nosek wins face-off versus Erik Haula in neutral zone.
19:26 of 1st period - Adam Pelech is hit by Ryan Pulock and loses puck.
19:40 of 1st period - Filip Hronek is hit by Adam Pelech and loses puck.
19:43 of 1st period - Shot by Filip Hronek.
19:43 of 1st period - Shot Misses the Net.
19:45 of 1st period - Shot by Ryan Pulock.
19:45 of 1st period - Shot Misses the Net.
Goals for this period are 0 for SAN JOSE BRONCOS vs 1 for ANCHORAGE ACES.
Shots for this period are 7 for SAN JOSE BRONCOS vs 7 for ANCHORAGE ACES.

2nd period


0:01 of 2nd period - Ilya Usau wins face-off versus Erik Haula in neutral zone.
0:40 of 2nd period - Shot by Chris Kreider.
0:40 of 2nd period - Stopped by John Gibson without a rebound.
0:41 of 2nd period - Connor McDavid wins face-off versus Clayton Keller in SAN JOSE BRONCOS zone.
0:49 of 2nd period - Shot by Nathan MacKinnon.
0:49 of 2nd period - Deflect By Connor McDavid.
0:49 of 2nd period - Stopped by John Gibson without a rebound.
0:50 of 2nd period - Connor McDavid wins face-off versus Clayton Keller in SAN JOSE BRONCOS zone.
1:37 of 2nd period - Jesper Bratt is hit by Yegor Sharangovich and loses puck.
3:13 of 2nd period - Chris Kreider is hit by Neal Pionk and loses puck.
3:40 of 2nd period - Shot by Chris Kreider.
3:40 of 2nd period - Shot Misses the Net.
3:51 of 2nd period - Icing by Jake Walman.
3:52 of 2nd period - Connor McDavid wins face-off versus Ilya Usau in SAN JOSE BRONCOS zone.
5:15 of 2nd period - Icing by Erik Haula.
5:16 of 2nd period - Clayton Keller wins face-off versus Erik Haula in ANCHORAGE ACES zone.
5:25 of 2nd period - Shot by Chris Kreider.
5:25 of 2nd period - Stopped by John Gibson without a rebound.
5:26 of 2nd period - Phillip Danault wins face-off versus Clayton Keller in SAN JOSE BRONCOS zone.
5:29 of 2nd period - Shot by Phillip Danault.
5:29 of 2nd period - Shot Misses the Net.
5:31 of 2nd period - Shot by Nikolaj Ehlers.
5:31 of 2nd period - Stopped by John Gibson with a rebound.
5:33 of 2nd period - Shot by Ryan Pulock.
5:33 of 2nd period - Shot Misses the Net.
5:35 of 2nd period - Shot by Phillip Danault.
5:35 of 2nd period - Stopped by John Gibson without a rebound.
5:36 of 2nd period - Phillip Danault wins face-off versus Clayton Keller in SAN JOSE BRONCOS zone.
6:02 of 2nd period - Icing by Ryan Pulock.
6:03 of 2nd period - Phillip Danault wins face-off versus Alexander Kerfoot in ANCHORAGE ACES zone.
6:14 of 2nd period - Shot by Alexander Kerfoot.
6:14 of 2nd period - Shot Blocked by Phillip Danault.
6:30 of 2nd period - Shot by Alexander Kerfoot.
6:30 of 2nd period - Stopped by Darcy Kuemper without a rebound.
6:31 of 2nd period - Connor McDavid wins face-off versus Tomas Nosek in ANCHORAGE ACES zone.
7:49 of 2nd period - Shot by Erik Haula.
7:49 of 2nd period - Deflect By Chris Kreider.
7:49 of 2nd period - Stopped by John Gibson without a rebound.
7:50 of 2nd period - Phillip Danault wins face-off versus Alexander Kerfoot in SAN JOSE BRONCOS zone.
8:01 of 2nd period - Shot by Conor Sheary.
8:01 of 2nd period - Shot Misses the Net.
8:15 of 2nd period - Shot by Nikolaj Ehlers.
8:15 of 2nd period - Stopped by John Gibson without a rebound.
8:16 of 2nd period - Erik Haula wins face-off versus Ilya Usau in SAN JOSE BRONCOS zone.
8:29 of 2nd period - Jani Hakanpaa is hit by Jonathan Gruden and loses puck.
8:34 of 2nd period - Shot by Jonathan Gruden.
8:34 of 2nd period - Shot Misses the Net.
8:36 of 2nd period - Shot by Jake Walman.
8:36 of 2nd period - Stopped by Darcy Kuemper without a rebound.
8:37 of 2nd period - Clayton Keller wins face-off versus Nathan MacKinnon in ANCHORAGE ACES zone.
8:37 of 2nd period - Jesper Bratt is hit by Seth Jones and loses puck.
9:08 of 2nd period - Shot by Connor McDavid.
9:08 of 2nd period - Shot Misses the Net.
9:10 of 2nd period - Shot by Nathan MacKinnon.
9:10 of 2nd period - Shot Misses the Net.
10:30 of 2nd period - Neal Pionk is hit by Phillip Danault and loses puck.
10:43 of 2nd period - Nikolaj Ehlers is hit by Neal Pionk and loses puck.
10:55 of 2nd period - Shot by Phillip Danault.
10:55 of 2nd period - Shot Blocked by Jaccob Slavin.
10:57 of 2nd period - Shot by Phillip Danault.
10:57 of 2nd period - Stopped by John Gibson without a rebound.
10:58 of 2nd period - Connor McDavid wins face-off versus Ilya Usau in SAN JOSE BRONCOS zone.
11:01 of 2nd period - Shot by Nathan MacKinnon.
11:01 of 2nd period - Shot Misses the Net.
11:10 of 2nd period - Off-side.
11:11 of 2nd period - Connor McDavid wins face-off versus Tomas Nosek in neutral zone.
11:27 of 2nd period - Shot by Nathan MacKinnon.
11:27 of 2nd period - Shot Misses the Net.
11:48 of 2nd period - Shot by Connor McDavid.
11:48 of 2nd period - Stopped by John Gibson without a rebound.
11:49 of 2nd period - Phillip Danault wins face-off versus Brett Leason in SAN JOSE BRONCOS zone.
11:55 of 2nd period - Phillip Danault is hit by Jaccob Slavin and loses puck.
12:05 of 2nd period - Nikolaj Ehlers is hit by Neal Pionk and loses puck.
12:15 of 2nd period - Icing by Jaccob Slavin.
12:16 of 2nd period - Erik Haula wins face-off versus Ilya Usau in SAN JOSE BRONCOS zone.
12:31 of 2nd period - Shot by Chris Kreider.
12:31 of 2nd period - Stopped by John Gibson without a rebound.
12:32 of 2nd period - Connor McDavid wins face-off versus Alexander Kerfoot in SAN JOSE BRONCOS zone.
12:34 of 2nd period - Nathan MacKinnon is hit by Adam Pelech.
13:01 of 2nd period - Connor McDavid is hit by Damon Severson and loses puck.
13:05 of 2nd period - Minor Penalty to Damon Severson for Holding Stick.
13:06 of 2nd period - Phillip Danault wins face-off versus Clayton Keller in SAN JOSE BRONCOS zone.
13:25 of 2nd period - Shot by Phillip Danault.
13:25 of 2nd period - Shot Misses the Net.
14:10 of 2nd period - Shot by Seth Jones.
14:10 of 2nd period - Stopped by John Gibson without a rebound.
14:11 of 2nd period - Connor McDavid wins face-off versus Oliver Bjorkstrand in SAN JOSE BRONCOS zone.
15:18 of 2nd period - Icing by Jake Walman.
15:19 of 2nd period - Phillip Danault wins face-off versus Tomas Nosek in SAN JOSE BRONCOS zone.
15:27 of 2nd period - Icing by Jake Bean.
15:28 of 2nd period - Erik Haula wins face-off versus Tomas Nosek in SAN JOSE BRONCOS zone.
15:44 of 2nd period - Icing by Jake Walman.
15:45 of 2nd period - Connor McDavid wins face-off versus Tomas Nosek in SAN JOSE BRONCOS zone.
17:19 of 2nd period - Shot by Conor Sheary.
17:19 of 2nd period - Goal by Conor Sheary - SAN JOSE BRONCOS : 0 - ANCHORAGE ACES : 2.
17:20 of 2nd period - Erik Haula wins face-off versus Alexander Kerfoot in neutral zone.
18:15 of 2nd period - Icing by Jani Hakanpaa.
18:16 of 2nd period - Ilya Usau wins face-off versus Erik Haula in ANCHORAGE ACES zone.
18:34 of 2nd period - Icing by Neal Pionk.
18:35 of 2nd period - Connor McDavid wins face-off versus Ilya Usau in SAN JOSE BRONCOS zone.
19:20 of 2nd period - Shot by Connor McDavid.
19:20 of 2nd period - Shot Misses the Net.
19:38 of 2nd period - Jaccob Slavin is hit by Phillip Danault and loses puck.
19:49 of 2nd period - Shot by Phillip Danault.
19:49 of 2nd period - Shot Misses the Net.
19:59 of 2nd period - Shot by Nikolaj Ehlers.
19:59 of 2nd period - Goal by Nikolaj Ehlers - SAN JOSE BRONCOS : 0 - ANCHORAGE ACES : 3.
Goals for this period are 0 for SAN JOSE BRONCOS vs 2 for ANCHORAGE ACES.
Shots for this period are 2 for SAN JOSE BRONCOS vs 13 for ANCHORAGE ACES.

3rd period


0:01 of 3rd period - Phillip Danault wins face-off versus Clayton Keller in neutral zone.
0:24 of 3rd period - Shot by Neal Pionk.
0:24 of 3rd period - Shot Misses the Net.
1:35 of 3rd period - Nathan MacKinnon is hit by Jesse Puljujarvi and loses puck.
3:02 of 3rd period - Icing by Tomas Nosek.
3:03 of 3rd period - Phillip Danault wins face-off versus Tomas Nosek in SAN JOSE BRONCOS zone.
3:04 of 3rd period - Shot by Nikolaj Ehlers.
3:04 of 3rd period - Shot Misses the Net.
3:12 of 3rd period - Tomas Nosek is hit by Conor Sheary and loses puck.
3:17 of 3rd period - Shot by Nikolaj Ehlers.
3:17 of 3rd period - Stopped by John Gibson without a rebound.
3:18 of 3rd period - Connor McDavid wins face-off versus Ilya Usau in SAN JOSE BRONCOS zone.
4:32 of 3rd period - Shot by Nikolaj Ehlers.
4:32 of 3rd period - Stopped by John Gibson with a rebound.
4:34 of 3rd period - Shot by Nikolaj Ehlers.
4:34 of 3rd period - Stopped by John Gibson with a rebound.
5:58 of 3rd period - Alexander Kerfoot is hit by Filip Hronek and loses puck.
6:12 of 3rd period - Icing by Filip Hronek.
6:13 of 3rd period - Oliver Bjorkstrand wins face-off versus Connor McDavid in ANCHORAGE ACES zone.
7:15 of 3rd period - Carl Grundstrom is hit by Conor Sheary and loses puck.
7:51 of 3rd period - Off-side.
7:52 of 3rd period - Nathan MacKinnon wins face-off versus Alexander Kerfoot in neutral zone.
8:54 of 3rd period - Shot by Jesper Bratt.
8:54 of 3rd period - Stopped by Darcy Kuemper without a rebound.
8:55 of 3rd period - Connor McDavid wins face-off versus Brett Leason in ANCHORAGE ACES zone.
9:16 of 3rd period - Shot by Seth Jones.
9:16 of 3rd period - Stopped by John Gibson without a rebound.
9:17 of 3rd period - Tomas Nosek wins face-off versus Phillip Danault in SAN JOSE BRONCOS zone.
10:02 of 3rd period - Off-side.
10:03 of 3rd period - Erik Haula wins face-off versus Clayton Keller in neutral zone.
10:05 of 3rd period - Off-side.
10:06 of 3rd period - Connor McDavid wins face-off versus Clayton Keller in neutral zone.
10:15 of 3rd period - Shot by Connor McDavid.
10:15 of 3rd period - Shot Misses the Net.
10:19 of 3rd period - Shot by Nathan MacKinnon.
10:19 of 3rd period - Shot Hit the Post.
10:47 of 3rd period - Shot by Connor McDavid.
10:47 of 3rd period - Stopped by John Gibson with a rebound.
11:18 of 3rd period - Icing by Ryan Pulock.
11:19 of 3rd period - Erik Haula wins face-off versus Tomas Nosek in ANCHORAGE ACES zone.
11:33 of 3rd period - Erik Haula is hit by Carl Grundstrom and loses puck.
11:54 of 3rd period - Shot by Tomas Nosek.
11:54 of 3rd period - Shot Misses the Net.
12:15 of 3rd period - Icing by Adam Pelech.
12:16 of 3rd period - Connor McDavid wins face-off versus Alexander Kerfoot in SAN JOSE BRONCOS zone.
12:17 of 3rd period - Shot by Nathan MacKinnon.
12:17 of 3rd period - Goal by Nathan MacKinnon - SAN JOSE BRONCOS : 0 - ANCHORAGE ACES : 4.
12:18 of 3rd period - Connor McDavid wins face-off versus Alexander Kerfoot in neutral zone.
12:28 of 3rd period - Icing by Seth Jones.
12:29 of 3rd period - Connor McDavid wins face-off versus Ilya Usau in ANCHORAGE ACES zone.
12:38 of 3rd period - Shot by Nathan MacKinnon.
12:38 of 3rd period - Shot Blocked by Adam Pelech.
12:40 of 3rd period - Shot by Jakob Chychrun.
12:40 of 3rd period - Stopped by John Gibson without a rebound.
12:41 of 3rd period - Phillip Danault wins face-off versus Alexander Kerfoot in SAN JOSE BRONCOS zone.
13:18 of 3rd period - Shot by Nikolaj Ehlers.
13:18 of 3rd period - Stopped by John Gibson without a rebound.
13:19 of 3rd period - Connor McDavid wins face-off versus Clayton Keller in SAN JOSE BRONCOS zone.
13:30 of 3rd period - Adam Pelech is hit by Yegor Sharangovich and loses puck.
13:36 of 3rd period - Icing by Clayton Keller.
13:37 of 3rd period - Erik Haula wins face-off versus Clayton Keller in SAN JOSE BRONCOS zone.
13:44 of 3rd period - Shot by Chris Kreider.
13:44 of 3rd period - Stopped by John Gibson with a rebound.
13:46 of 3rd period - Shot by Jack Johnson.
13:46 of 3rd period - Stopped by John Gibson without a rebound.
13:47 of 3rd period - Connor McDavid wins face-off versus Ilya Usau in SAN JOSE BRONCOS zone.
13:58 of 3rd period - Shot by Connor McDavid.
13:58 of 3rd period - Stopped by John Gibson with a rebound.
14:22 of 3rd period - Shot by Jaccob Slavin.
14:22 of 3rd period - Stopped by Darcy Kuemper without a rebound.
14:23 of 3rd period - Tomas Nosek wins face-off versus Phillip Danault in ANCHORAGE ACES zone.
15:28 of 3rd period - Shot by Chris Kreider.
15:28 of 3rd period - Shot Hit the Post.
16:42 of 3rd period - Icing by Jani Hakanpaa.
16:43 of 3rd period - Connor McDavid wins face-off versus Clayton Keller in ANCHORAGE ACES zone.
16:43 of 3rd period - Connor McDavid is hit by Oliver Bjorkstrand.
17:48 of 3rd period - Shot by Nikolaj Ehlers.
17:48 of 3rd period - Goal by Nikolaj Ehlers - SAN JOSE BRONCOS : 0 - ANCHORAGE ACES : 5.
17:49 of 3rd period - Erik Haula wins face-off versus Alexander Kerfoot in neutral zone.
18:54 of 3rd period - Shot by Nikolaj Ehlers.
18:54 of 3rd period - Shot Blocked by Damon Severson.
19:10 of 3rd period - Shot by Nikolaj Ehlers.
19:10 of 3rd period - Stopped by John Gibson without a rebound.
19:11 of 3rd period - Yegor Sharangovich wins face-off versus Clayton Keller in SAN JOSE BRONCOS zone.
19:20 of 3rd period - Shot by Nathan MacKinnon.
19:20 of 3rd period - Deflect By Connor McDavid.
19:20 of 3rd period - Shot Misses the Net.
19:46 of 3rd period - Jesper Bratt is hit by Jani Hakanpaa and loses puck.
19:54 of 3rd period - Off-side.
19:55 of 3rd period - Phillip Danault wins face-off versus Tomas Nosek in neutral zone.
Goals for this period are 0 for SAN JOSE BRONCOS vs 2 for ANCHORAGE ACES.
Shots for this period are 2 for SAN JOSE BRONCOS vs 13 for ANCHORAGE ACES.


BLAKE
WHEELER
STEVEN
STAMKOS
DREW
DOUGHTY

EAST COAST

HOCKEY LEAGUE

  • 63.RHI2PIT5
  • 64.WOR4ATL3
  • 65.QUECHW
  • 66.CHATRV